 Dungeon Crawl Stone Soup version 0.28-a0-687-gb91baff9cc (webtiles) character file.

Game seed: 3824256603740002967

214 shoop the Insei (level 5, -3/25 HPs)
             Began as a Vine Stalker Transmuter on Oct 19, 2021.
             Succumbed to a scorpion's poison
             ... on level 4 of the Dungeon.
             The game lasted 00:05:41 (2710 turns).

shoop the Insei (Vine Stalker Transmuter)           Turns: 2710, Time: 00:05:42

Health: -3/25      AC:  5    Str: 14    XL:     5   Next: 91%
Magic:  2/9        EV: 12    Int: 13    God:
Gold:   92         SH:  0    Dex: 14    Spells: 5/8 levels left

rFire   + . .      SeeInvis .     - Unarmed
rCold   + . .      Faith    .   (no shield)
rNeg    . . .      Spirit   +   a - +0 robe
rPois   .          Reflect  .   (helmet currently unavailable)
rElec   .          Harm     .   e - scarf {rC+ rF+}
rCorr   .          Rampage  .   f - +2 pair of gloves
Will    .....                   (boots currently unavailable)
Stlth   ++........              (no amulet)
HPRegen 1.08/turn               (no ring)
MPRegen 0.11/turn               (no ring)

@: lethally poisoned (-3 -> -18), appendages (expiring)
A: horns 2, talons 2, fangs 2, regeneration 1, magic shield, antimagic bite, no
potion heal 2
a: End Transformation


You were on level 4 of the Dungeon.
You had temporarily grown beastly horns and talons.
You visited 1 branch of the dungeon, and saw 4 of its levels.

You collected 92 gold pieces.

Inventory:

Hand Weapons
 k - a +3 short sword
Armour
 a - a +0 robe (worn)
 e - a scarf of resistance (worn)
 f - a +2 pair of gloves (worn)
 j - a +0 helmet (melded)
Jewellery
 m - an amulet of faith
Wands
 i - a wand of polymorph (6)
Scrolls
 b - 5 scrolls of teleportation {unknown}
 c - a scroll of torment {unknown}
 g - a scroll of silence {unknown}
 l - a scroll of immolation {unknown}
 o - a scroll of identify {unknown}
Potions
 d - a potion of mutation {unknown}
 h - 2 potions of brilliance {unknown}
 n - a potion of heal wounds {unknown}
 p - a potion of might {unknown}
 q - a potion of berserk rage {unknown}


   Skills:
 - Level 1.0 Fighting
 - Level 2.0 Dodging
 - Level 2.0 Stealth
 + Level 5.9 Unarmed Combat
 - Level 2.1 Spellcasting
 - Level 2.0 Transmutations


You had 5 spell levels left.
You knew the following spells:

 Your Spells              Type           Power      Damage    Failure   Level
a - Beastly Appendage     Tmut           12%        N/A       11%         1
z - Wereblood             Tmut           6%         N/A       17%         2

Your spell library contained the following spells:

 Spells                   Type           Power      Damage    Failure   Level
 Foxfire                  Conj/Fire      4%         2x1d4     26%         1
 Ensorcelled Hibernation  Hex/Ice        2%         N/A       36%         2
 Spider Form              Tmut/Pois      2%         N/A       45%         3
 Conjure Flame            Conj/Fire      1%         6-21      58%         3
 Inner Flame              Hex/Fire       1%         N/A       58%         3
 Ice Form                 Ice/Tmut       4%         N/A       86%         4
 Flame Wave               Conj/Fire      1%         3d3       94%         4


Dungeon Overview and Level Annotations

Branches:
Dungeon (4/15)
 Temple: D:4-7

Altars:
Okawaru

Shops:
D:3 (

Annotations:
D:3 exclusion: ogre


Innate Abilities, Weirdness & Mutations

You have temporarily grown beastly horns and talons.
You have extremely sharp teeth.
Your natural rate of healing is unusually fast.
When hurt, damage is shared between your health and your magic reserves.
Your bite disrupts and absorbs the magic of your enemies.
Potions cannot restore your health.


Message History

You closely miss the adder. You claw the adder. Your headbutt misses the adder.
You bite the adder. You drain its power.
You feel invigorated.
The adder is almost dead.
The adder bites you.
You are poisoned.
The adder poisons you! The scorpion stings you.
You are more poisoned.
The scorpion poisons you!
You hit the adder but do no damage. Your kick misses the adder.
You headbutt the adder, but do no damage.
The adder is almost dead.
You feel very sick. The adder bites you.
You are more poisoned.
The adder poisons you! The scorpion misses you.
You hit the adder but do no damage. Your kick misses the adder.
Your headbutt misses the adder. Your bite misses the adder.
The adder is almost dead.
You feel very sick. The adder bites you.
You are more poisoned.
The adder poisons you! The scorpion stings you.
You are lethally poisoned!
The scorpion poisons you! The adder closely misses you.
You hit the adder.
You kill the adder!
You feel extremely sick. The scorpion stings you.
* * * LOW HITPOINT WARNING * * *
Unknown command.
You hit the scorpion. Your bite misses the scorpion.
The scorpion is moderately wounded.
* * * LOW HITPOINT WARNING * * *
You feel very sick. The scorpion stings you.
You completely miss the scorpion.
You claw the scorpion, but do no damage.
Your headbutt misses the scorpion. Your bite misses the scorpion.
The scorpion is moderately wounded.
You die...

..#... ... . #. ..
#...# .. .. . #.#.#
.##.#.. ##...# .....
..###.<#### ....
#..........# ..##
##.........##...##
#..........@†...#
............s.......
...................#
..........##...#...#
...........#..## ...
.......#....## ..
.....##..... . ....
## ...


You could see a scorpion.

Vanquished Creatures
  2 orc wizards (D:3)
  Robin (D:2)
  5 adders
  2 worms
  2 dart slugs
  5 orcs (D:3)
  2 ball pythons (D:1)
  6 bats
  8 endoplasms
  5 giant cockroaches
  8 hobgoblins
  8 jackals
  2 quokkas (D:1)
  5 frilled lizards
  14 goblins
  5 kobolds
  8 rats
88 creatures vanquished.

Notes
Turn   | Place    | Note
-------+----------+-------------------------------------------
     0 | D:1      | shoop the Vine Stalker Transmuter began the quest for the
                  | Orb.
     0 | D:1      | Reached XP level 1. HP: 9/9 MP: 4/4
   140 | D:1      | Reached skill level 1 in Fighting
   155 | D:1      | Reached skill level 1 in Stealth
   155 | D:1      | Reached XP level 2. HP: 7/14 MP: 6/6
   485 | D:1      | Reached XP level 3. HP: 18/18 MP: 4/7
  1025 | D:1      | Learned a level 2 spell: Wereblood
  1110 | D:2      | Noticed Robin
  1138 | D:2      | Reached skill level 4 in Unarmed Combat
  1146 | D:2      | Killed Robin
  1147 | D:2      | Gained mutation: Your natural rate of healing is unusually
                  | fast. [Vine Stalker growth]
  1147 | D:2      | Reached XP level 4. HP: 22/22 MP: 8/8
  1925 | D:3      | Reached skill level 5 in Unarmed Combat
  1925 | D:3      | Reached XP level 5. HP: 22/25 MP: 7/9
  2020 | D:3      | Found an iron altar of Okawaru.
  2199 | D:3      | Found Jeakiop's Weapon Boutique.
  2469 | D:3      | Noticed an ogre
  2709 | D:4      | HP: 1/25 [poisoned by a scorpion]
  2710 | D:4      | Succumbed to a scorpion's poison

Illustrated notes

Levels and vault maps discovered:
D:1:      wander_arrival_peaceful_grave, layout_loops_cross, item_on_display_a
D:2:      layout_basic, uniq_robin
D:3:      layout_loops_corners, okawaru_trees_1, serial_shops, shop
D:4:      layout_cave_pools, hex_medium

Skill      XL: |  1  2  3  4 |
---------------+-------------+-----
Fighting       | 1 |  1.0
Stealth        | 1 2 |  2.0
Dodging        | 2 |  2.0
Unarmed Combat | 4 5 |  5.9
Spellcasting   | |  2.1
Transmutations | |  2.0

Action                   |  1- 3 |  4- 6 || total
-------------------------+-------+-------++-------
Melee: Unarmed           |    96 |   114 ||   210
       Bite              |    16 |    25 ||    41
       Kick              |     8 |    14 ||    22
       Punch             |     1 |     4 ||     5
       Headbutt          |     3 |     8 ||    11
 Cast: Beastly Appendage |    15 |    22 ||    37
       Wereblood         |     3 |     4 ||     7
 Stab: Sleeping          |     2 |     4 ||     6
Armor: Robe              |    25 |    26 ||    51
Dodge: Dodged            |    46 |    52 ||    98

Table legend: (Time is in decaauts)
 A = Elapsed time spent in this place.
 B = Non-inter-level travel time spent in this place.
 C = Inter-level travel time spent in this place.
 D = Time resting spent in this place.
 E = Time spent auto-exploring this place.
 F = Levels seen in this place.
 G = Mean time per level.
                   A        B        C        D        E       F      G
               +--------+--------+--------+--------+--------+-----+--------+
         Total |   2691 |   2600 |     91 |      0 |   2063 |   4 |  672.8 |
       Dungeon |   2691 |   2600 |     91 |      0 |   2063 |   4 |  672.8 |
               +--------+--------+--------+--------+--------+-----+--------+

Top non-repeatable levels by time:
     D:1: 1049 daAuts
     D:3: 928 daAuts
     D:2: 696 daAuts
     D:4: 17 daAuts
